 Dungeon Crawl Stone Soup version 0.28.0-43-g3370ac3207 (webtiles) character file.

Game seed: 3570506665320711776

15 tizbic2 the Grasshopper (level 2, -1/25 HPs)
             Began as a Ghoul Warper on Mar 17, 2022.
             Slain by a kobold
             ... wielding a +0 short sword
              (5 damage)
             ... on level 1 of the Dungeon.
             The game lasted 00:02:14 (645 turns).

tizbic2 the Grasshopper (Ghoul Warper)               Turns: 645, Time: 00:02:15

Health: -1/25      AC:  3    Str: 14    XL:     2   Next: 50%
Magic:  1/3        EV: 11    Int:  8    God:
Gold:   9          SH:  0    Dex:  8    Spells: 2/4 levels left

rFire   . . .      SeeInvis .   a - +0 spear
rCold   + . .      Faith    .   (no shield)
rNeg    + + +      Spirit   .   b - +0 leather armour
rPois   ∞          Reflect  .   (no helmet)
rElec   .          Harm     .   (no cloak)
rCorr   .          Rampage  .   (no gloves)
Will    .....                   (no boots)
Stlth   +.........              (no amulet)
HPRegen 0.00/turn               (no ring)
MPRegen 0.08/turn               (no ring)

@: very slightly contaminated, inhibited regen
A: claws 1, cold resistance 1, negative energy resistance 3, inhibited
regeneration, torment resistance 2
a: no special abilities


You were on level 1 of the Dungeon.
You visited 1 branch of the dungeon, and saw 1 of its levels.

You collected 9 gold pieces.

Inventory:

Hand Weapons
 a - a +0 spear (weapon)
Missiles
 d - 3 boomerangs of dispersal (quivered)
Armour
 b - a +0 leather armour (worn)
 g - a +0 chain mail
Scrolls
 c - a scroll of blinking
 e - a scroll of silence {unknown}
 f - a scroll of teleportation {unknown}
 h - a scroll of enchant armour {unknown}


   Skills:
 + Level 2.3 Fighting
 * Level 2.0 Polearms
 - Level 1.1 Throwing
 - Level 1.0 Armour
 - Level 1.9 Dodging
 + Level 1.8 Spellcasting
 + Level 2.8 Translocations
 * Level 0.2 Invocations


You had 2 spell levels left.
You knew the following spells:

 Your Spells              Type           Power      Damage    Failure   Level
a - Blink                 Tloc           10%        N/A       22%         2

Your spell library contained the following spells:

 Spells                   Type           Power      Damage    Failure   Level
 Gell's Gravitas          Tloc           5%         N/A       38%         3
 Lesser Beckoning         Tloc           5%         N/A       38%         3
 Teleport Other           Tloc           5%         N/A       38%         3
 Stone Arrow              Conj/Erth      0%         3d7       80%         3
 Manifold Assault         Tloc           5%         N/A       98%         5
 Animate Armour           Summ/Erth      0%         N/A       99%         4
 Lehudib's Crystal Spear  Conj/Erth      0%         10d2      100%        8


Dungeon Overview and Level Annotations

Branches:
Dungeon (1/15)

Altars:


Innate Abilities, Weirdness & Mutations

You thrive by killing the living.
You are immune to poison.
You have sharp fingernails.
Your flesh is cold resistant. (rC+)
You are immune to negative energy. (rN+++)
You do not regenerate when monsters are visible.
You are immune to unholy pain and torment.


Message History

The stone hits you.
You closely miss the kobold.
The kobold is moderately wounded.
The kobold completely misses you.
The kobold throws a stone.
The stone hits you but does no damage.
A kobold comes into view. It is wielding a +0 short sword.
You hit the kobold.
The kobold is severely wounded.
The kobold hits you with a +0 club.
You hit the kobold but do no damage.
The kobold is severely wounded.
The kobold closely misses you.
You closely miss the kobold.
The kobold is severely wounded.
The kobold hits you with a +0 club.
You closely miss the kobold.
The kobold is severely wounded.
The kobold closely misses you.
The rat twitches its whiskers.
The kobold closely misses you.
You miss the kobold.
The kobold is severely wounded.
The kobold closely misses you. The kobold misses you.
The kobold hits you with a +0 short sword.
* * * LOW HITPOINT WARNING * * *
Casting: Blink (safe; 22% risk of failure)
Confirm with . or Enter, or press ? or * to list all spells.
You miscast Blink.
You are very lightly contaminated with residual magic.
Nothing appears to happen.
The kobold closely misses you. The kobold hits you with a +0 club.
* * * LOW HITPOINT WARNING * * *
The kobold hits you but does no damage.
Casting: Blink (safe; 22% risk of failure)
Confirm with . or Enter, or press ? or * to list all spells.
You don't have enough magic to cast this spell.
You hit the kobold.
You kill the kobold!
The kobold hits you with a +0 short sword.
You die...

# # . .# ##. ..##
..###.... #........
##r......# .
##KK)..# #..
#######.K@# ....
#........## ..r..
#.......######.....K
#..
#......###..........
...
#......###..........
.#..
#........†........##
....
#......####....####
#.#.. #......#
##.#.# ###.#.#..
#......# #.#.#
....#.#..


You could see 3 kobolds and a rat.

Vanquished Creatures
  A dart slug (D:1)
  2 endoplasms (D:1)
  A goblin (D:1)
  2 hobgoblins (D:1)
  A quokka (D:1)
  A ball python (D:1)
  A bat (D:1)
  A frilled lizard (D:1)
  A kobold (D:1)
  3 rats (D:1)
14 creatures vanquished.

Notes
Turn   | Place    | Note
-------+----------+-------------------------------------------
     0 | D:1      | tizbic2 the Ghoul Warper began the quest for the Orb.
     0 | D:1      | Reached XP level 1. HP: 17/17 MP: 2/2
   265 | D:1      | Reached skill level 1 in Throwing
   265 | D:1      | Reached skill level 1 in Armour
   276 | D:1      | Reached XP level 2. HP: 7/24 MP: 3/3
   530 | D:1      | Learned a level 2 spell: Blink
   645 | D:1      | Slain by a kobold

Illustrated notes

Levels and vault maps discovered:
D:1:      dpeg_arrival_connections, layout_rooms

Skill      XL: |  1  2 |
---------------+-------+-----
Throwing       | 1 |  1.1
Armour         | 1 |  1.0
Polearms       | 2 |  2.0
Fighting       | |  2.3
Dodging        | |  1.9
Spellcasting   | |  1.8
Translocations | |  2.8
Invocations    | |  0.2

Action                   || total
-------------------------++-------
Melee: Spear             ||    65
       Punch             ||     1
Throw: Boomerang         ||     2
  Use: Scroll            ||     1
Armor: Leather armour    ||     6
Dodge: Dodged            ||    25
